 Seeded DCSS version 0.28-a0-1387-g3a22ab9bdc (webtiles) character file.

Game seed: 20220103 (custom seed)

307 flotson the Ducker (level 6, -6/47 HPs)
             Began as a Demonspawn Gladiator on Jan 3, 2022.
             Mangled by a killer bee (8 damage)
             ... on level 4 of the Dungeon.
             The game lasted 00:05:15 (4663 turns).

flotson the Ducker (Demonspawn Gladiator)           Turns: 4663, Time: 00:05:16

Health: -6/47      AC: 10    Str: 16    XL:     6   Next: 16%
Magic:  6/6        EV: 10    Int: 10    God:
Gold:   169        SH:  0    Dex: 14    Spells: 5/5 levels left

rFire   . . .      SeeInvis .   a - +3 hand axe (elec)
rCold   . . .      Faith    .   (no shield)
rNeg    . . .      Spirit   .   e - +0 scale mail
rPois   .          Reflect  .   (helmet restricted)
rElec   .          Harm     .   (no cloak)
rCorr   .          Rampage  .   (no gloves)
Will    .....                   b - +0 pair of boots
Stlth   ..........              (no amulet)
HPRegen 0.15/turn               (no ring)
MPRegen 0.10/turn               (no ring)

@: attractive
A: horns 1, thin metallic scales 2
a: no special abilities


You were on level 4 of the Dungeon.
You visited 1 branch of the dungeon, and saw 4 of its levels.

You collected 169 gold pieces.

Inventory:

Hand Weapons
 a - a +3 hand axe of electrocution (weapon)
Missiles
 d - a throwing net (quivered)
Armour
 b - a +0 pair of boots (worn)
 e - a +0 scale mail (worn)
Jewellery
 n - a ring of fire
 o - a ring of fire
Scrolls
 f - a scroll of magic mapping {unknown}
 i - a scroll of fear {unknown}
 l - a scroll of identify {unknown}
 m - 2 scrolls of enchant weapon {unknown}
 p - a scroll of immolation {unknown}
Potions
 c - a potion of heal wounds {unknown}
 g - a potion of attraction
 h - 2 potions of degeneration {unknown}
 j - a potion of haste {unknown}
 k - a potion of mutation {unknown}


   Skills:
 + Level 3.3 Fighting
 + Level 2.1(2.8) Axes
 - Level 2.6(3.1) Maces & Flails
 + Level 3.1 Throwing
 + Level 2.2 Armour
 + Level 3.7 Dodging


You had 5 spell levels left.
You didn't know any spells.
Your spell library contained the following spells:

 Spells                   Type           Power      Damage    Failure   Level
 Fulminant Prism          Conj/Hex       0%         3d6       100%        4
 Iskenderun's Mystic Bla  Conj/Tloc      0%         2d3       100%        4
 Lee's Rapid Deconstruct  Erth           0%         3d5*      100%        5


Dungeon Overview and Level Annotations

Branches:
Dungeon (4/15)
 Temple: D:4-7

Altars:
Okawaru
Uskayaw

Shops:
D:1 :


Innate Abilities, Weirdness & Mutations

You have a pair of small horns on your head.
You are mostly covered in thin metallic scales. (AC +3)


Message History

Your headbutt misses the killer bee.
The killer bee stings you but does no damage. x2
The killer bee stings you.
You slash the killer bee!
The killer bee is heavily wounded.
You miss the killer bee. The killer bee barely misses you.
The killer bee stings you but does no damage.
The killer bee completely misses you.
The killer bee stings you but does no damage. x2
You closely miss the killer bee.
The killer bee is heavily wounded.
You hit the ogre. You barely miss the killer bee.
The killer bee barely misses you. x2; The ogre hits you with a +0 giant club!
The killer bee stings you but does no damage.
The killer bee barely misses you.
You closely miss the killer bee. Your headbutt misses the killer bee.
The killer bee is heavily wounded.
You hit the killer bee. You barely miss the ogre.
The killer bee stings you but does no damage. x2
The killer bee stings you. The killer bee stings you!
The ogre completely misses you.
The killer bee stings you but does no damage.
The killer bee stings you.
* * * LOW HITPOINT WARNING * * *
Okay, then.
The killer bee barely misses you. The killer bee closely misses you.
The killer bee stings you but does no damage.
The killer bee stings you.
* * * LOW HITPOINT WARNING * * *
The killer bee stings you.
* * * LOW HITPOINT WARNING * * *
The killer bee stings you.
* * * LOW HITPOINT WARNING * * *
The killer bee stings you.
* * * LOW HITPOINT WARNING * * *
It was a potion of attraction.
You feel attractive to monsters.
The killer bee stings you but does no damage.
The killer bee stings you!
You die...

..........#
..........+
..........#
..........#
..........#
..........#
..........#
.###......######
####..yy@...#
#...O####.#
#......#
#.##.#.##
#....†..#
####<.### ####


You could see an ogre and 2 killer bees.

Vanquished Creatures
  An orc priest (D:3)
  Terence (D:2)
  Natasha (thrice) (D:2)
  8 gnolls
  3 adders (D:2)
  3 dart slugs
  4 orcs (D:2)
  5 bats
  4 endoplasms
  2 giant cockroaches (D:2)
  2 goblins (D:2)
  6 hobgoblins
  7 jackals
  5 kobolds
  4 quokkas
  7 ball pythons
  3 frilled lizards
  A rat (D:1)
69 creatures vanquished.

Vanquished Creatures (others)
  A demonic plant (D:1)
1 creature vanquished.

Grand Total: 70 creatures vanquished

Notes
Turn   | Place    | Note
-------+----------+-------------------------------------------
     0 | D:1      | flotson the Demonspawn Gladiator began the quest for the
                  | Orb.
     0 | D:1      | Reached XP level 1. HP: 16/16 MP: 1/1
   231 | D:1      | Gained mutation: You are partially covered in thin metallic
                  | scales. (AC +2) [demonic ancestry]
   231 | D:1      | Reached XP level 2. HP: 17/22 MP: 2/2
   524 | D:1      | Found a faded altar of an unknown god.
   524 | D:1      | Noticed a hellion
   654 | D:1      | Found Tomimios's Book Shop.
  1079 | D:2      | Gained mutation: You are mostly covered in thin metallic
                  | scales. (AC +3) [demonic ancestry]
  1079 | D:2      | Reached XP level 3. HP: 27/28 MP: 3/3
  1080 | D:2      | Reached skill level 1 in Armour
  1198 | D:2      | Reached skill level 1 in Axes
  1587 | D:2      | Found an iron altar of Okawaru.
  1631 | D:2      | Reached XP level 4. HP: 4/34 MP: 4/4
  2096 | D:2      | Noticed Natasha
  2098 | D:2      | Killed Natasha
  2247 | D:2      | Gained mutation: You have a pair of small horns on your
                  | head. [demonic ancestry]
  2247 | D:2      | Reached XP level 5. HP: 30/40 MP: 5/5
  2477 | D:3      | Noticed Terence
  2500 | D:2      | Killed Terence
  3159 | D:3      | Found a hide-covered altar of Uskayaw.
  3237 | D:2      | Noticed Natasha
  3247 | D:2      | Killed Natasha
  3293 | D:2      | Noticed Natasha
  3305 | D:2      | Killed Natasha
  3306 | D:2      | Reached XP level 6. HP: 15/47 MP: 6/6
  3584 | D:2      | Found an iron altar of Okawaru.
  4443 | D:3      | Found a hide-covered altar of Uskayaw.
  4662 | D:4      | HP: 2/47 [killer bee (5)]
  4663 | D:4      | Mangled by a killer bee

Illustrated notes

Levels and vault maps discovered:
D:1:      eino_arrival_cavern_a, layout_basic,
          dreamdust_ecumenical_altar_sealed_demon, serial_shops, shop_fountains
D:2:      layout_basic, basic_altar, uniq_natasha
D:3:      layout_rooms, overflow_temple_1_default, uniq_terence
D:4:      layout_basic, grunt_qazlal_clouds, mainiacjoe_overflow_catwalk,
          uniq_edmund

Skill      XL: |  1  2  3  4  5 |
---------------+----------------+-----
Throwing       | 2 3 |  3.1
Armour         | 1 2 |  2.2
Dodging        | 3 |  3.7
Axes           | 1 2 |  2.1
Fighting       | 3 |  3.3
Maces & Flails | |  2.6

Action                   |  1- 3 |  4- 6 || total
-------------------------+-------+-------++-------
Melee: Flail             |   132 |     6 ||   138
       Hand axe          |       |    96 ||    96
       Headbutt          |       |     8 ||     8
Throw: Throwing net      |     2 |       ||     2
  Use: Potion            |       |     1 ||     1
Armor: Scale mail        |    85 |    53 ||   138
Dodge: Dodged            |    87 |    67 ||   154

Table legend: (Time is in decaauts)
 A = Elapsed time spent in this place.
 B = Non-inter-level travel time spent in this place.
 C = Inter-level travel time spent in this place.
 D = Time resting spent in this place.
 E = Time spent auto-exploring this place.
 F = Levels seen in this place.
 G = Mean time per level.
                   A        B        C        D        E       F      G
               +--------+--------+--------+--------+--------+-----+--------+
         Total |   4721 |   4540 |    181 |    884 |   2927 |   4 | 1180.2 |
       Dungeon |   4721 |   4540 |    181 |    884 |   2927 |   4 | 1180.2 |
               +--------+--------+--------+--------+--------+-----+--------+

Top non-repeatable levels by time:
     D:2: 2421 daAuts
     D:1: 1237 daAuts
     D:3: 1043 daAuts
     D:4: 18 daAuts
